 Dungeon Crawl Stone Soup version 0.23-a0-171-g5ae17c6e89 (webtiles) character file.

102 Holzbalken the Cudgeler (level 4, -3/33 HPs)
             Began as a Demonspawn Gladiator on Sept 14, 2018.
             Slain by Edmund
             ... wielding a +1 dire flail of protection
              (11 damage)
             ... on level 4 of the Dungeon.
             The game lasted 00:06:53 (2508 turns).

Holzbalken the Cudgeler (Demonspawn Gladiator)      Turns: 2508, Time: 00:06:53

Health: -3/33      AC:  7    Str: 16    XL:     4   Next: 50%
Magic:  4/4        EV: 11    Int:  9    God:
Gold:   110        SH:  4    Dex: 14    Spells: 3/3 levels left

rFire    . . .     SeeInvis .   a - +0 flail
rCold    . . .     Gourm    .   (no shield)
rNeg     . . .     Faith    .   h - +0 ring mail (curse)
rPois    .         Spirit   .   c - +0 helmet
rElec    .         Reflect  .   s - +0 cloak
rCorr    .         Harm     .   (no gloves)
MR       .....                  (no boots)
Stlth    +.........             (no amulet)
HPRegen  0.11/turn              (no ring)
MPRegen  0.09/turn              (no ring)

@: drained
A: large bone plates 1
a: no special abilities


You were on level 4 of the Dungeon.
You were not hungry.

You visited 1 branch of the dungeon, and saw 4 of its levels.

You collected 110 gold pieces.

Inventory:

Hand Weapons
 a - a +0 flail (weapon)
Missiles
 i - 5 tomahawks (quivered)
Armour
 b - a +0 leather armour
 c - a +0 helmet (worn)
 h - a cursed +0 ring mail (worn)
 o - a +0 ring mail
 s - a +0 cloak (worn)
Wands
 t - a wand of enslavement (14)
Scrolls
 e - a scroll of immolation {unknown}
 k - 2 scrolls of teleportation {unknown}
 l - 2 scrolls of identify
 m - 2 scrolls of magic mapping
 p - 2 scrolls of fear {unknown}
 q - a scroll of remove curse {unknown}
 r - a scroll of enchant weapon {unknown}
Potions
 j - a potion of berserk rage
 v - a potion of brilliance
Comestibles
 f - 4 rations


   Skills:
 - Level 2.0(1.8) Fighting
 + Level 4.9(4.7) Maces & Flails
 - Level 1.7(1.6) Throwing
 - Level 2.6(2.5) Dodging


You had 3 spell levels left.
You didn't know any spells.
Your spell library was empty.

Dungeon Overview and Level Annotations

Branches:
Dungeon (4/15)
 Temple: D:4-7

Altars:
Kikubaaqudgha
Zin

Annotations:
D:4 Edmund


Innate Abilities, Weirdness & Mutations

You are partially covered in large bone plates. (SH +4)


Message History

Edmund is severely wounded.
Edmund struggles against the net.
The orc priest struggles against the net.
Edmund struggles against the net.
You sock Edmund!
Edmund is almost dead.
The orc priest calls down the wrath of Beogh upon you.
Beogh smites you!
* * * LOW HITPOINT WARNING * * *
The orc priest struggles against the net.
Edmund struggles against the net.
You hit Edmund but do no damage.
Edmund is almost dead.
Edmund struggles against the net.
The net rips apart, and Edmund comes free!
You closely miss Edmund.
Edmund is almost dead.
The orc priest struggles against the net.
Edmund hits you with a dire flail of protection!
You die...

#.###.#,,,,,,,,,,,,*
###.###.#####...,,*,**
#...........[...,,*,,,
**###.#.............,,****
*,........#.#####.#.*,*,**
*,###.###.#.........*,*,,,
*,* #,* #.#########.*,*,**
*,* *,* #.#,,,,,,,,,*,*,,,
*,* *,* #@#,*********,****
*,* *,* #@#,* *,* *,* *,*
#.#,*********,** *,* *,*
#.#,*,,,,,,,,,,* *,***,*
#.#,*,,,,,,,,,,* *,*,*,*
#.#,*,,,,,,,,,,* *,*,*,*
#.#,*,,,,,,,,,,* *,,,*,*
#o#,**+**,,,,**** ***,*,*
*,*,**,**,,,,,*,*


You could see Edmund and an orc priest (caught).

Vanquished Creatures
  4 adders
  3 worms
  A dart slug (D:1)
  A leopard gecko (D:2)
  An orc (D:3)
  12 bats
  2 giant cockroaches
  4 goblins
  9 hobgoblins
  4 kobolds
  2 quokkas
  4 frilled lizards
  7 rats
54 creatures vanquished.

Notes
Turn   | Place    | Note
-------+----------+-------------------------------------------
     0 | D:1      | Holzbalken the Demonspawn Gladiator began the quest for the
                  | Orb.
     0 | D:1      | Reached XP level 1. HP: 16/16 MP: 1/1
    92 | D:1      | Reached skill level 3 in Maces & Flails
   478 | D:1      | Gained mutation: You are partially covered in large bone
                  | plates. (SH +4) [demonic ancestry]
   478 | D:1      | Reached XP level 2. HP: 22/22 MP: 2/2
  1205 | D:2      | Found a glowing silver altar of Zin.
  1224 | D:2      | Reached XP level 3. HP: 22/27 MP: 3/3
  1401 | D:2      | Reached skill level 4 in Maces & Flails
  1787 | D:3      | Found an ancient bone altar of Kikubaaqudgha.
  1826 | D:3      | Reached XP level 4. HP: 16/33 MP: 4/4
  2485 | D:4      | Noticed Edmund
  2508 | D:4      | Slain by Edmund

Vault maps used:
D:1:      matt_arrival_spirals, minmay_domino_2
D:2:      lemuel_crystal_altar
D:3:      lemuel_crystal_altar
D:4:      first_ration, uniq_eustachio, uniq_blork_the_orc, uniq_edmund,
          uniq_robin

Skill      XL: |  1  2  3 |
---------------+----------+-----
Maces & Flails | 3 4 |  4.9
Fighting       | |  2.0
Throwing       | |  1.7
Dodging        | |  2.6

Action                   |  1- 3 |  4- 6 || total
-------------------------+-------+-------++-------
Melee: Flail             |   140 |    63 ||   203
Throw: Throwing net      |       |     4 ||     4
  Use: Potion            |     4 |       ||     4
       Scroll            |       |     4 ||     4
 Stab: Held in net/web   |       |     1 ||     1
  Eat: Chunk             |     3 |     2 ||     5
Armor: Leather armour    |    44 |     9 ||    53
Dodge: Dodged            |    98 |    47 ||   145
Block: Other             |    26 |     6 ||    32

Table legend:
 A = Non-vault XP
 B = Vault XP
 C = Vault XP percentage of total XP
 D = Non-vault monster count
 E = Vault monster count
 F = Vault count percentage of total count
                 A         B        C        D         E       F
            +---------+---------+-------+---------+---------+-------
      Total |     146 |       1 |   0.7 |      53 |       1 |   1.9
            +---------+---------+-------+---------+---------+-------
        D:1 |      17 |       1 |   5.6 |      10 |       1 |   9.1
        D:2 |      55 |       0 |   0.0 |      23 |       0 |   0.0
        D:3 |      74 |       0 |   0.0 |      20 |       0 |   0.0
            +---------+---------+-------+---------+---------+-------
